 Dungeon Crawl Stone Soup version 0.30.1-3-gfc49f6343a (webtiles) character file.

Game seed: 6309259335898855267

18190 safid the Frost Mage (level 12, -17/103 HPs)
             Began as a Merfolk Ice Elementalist on Aug 7, 2023.
             Was a Follower of Vehumet.
             Demolished by a death yak simulacrum (33 damage)
             ... in a Gauntlet.
             The game lasted 00:28:03 (14789 turns).

safid the Frost Mage (Merfolk Ice Elementalist)    Turns: 14789, Time: 00:28:03

Health: -17/103    AC: 15    Str:  8    XL:     12   Next: 55%
Magic:  19/33      EV: 18    Int: 23    God:    Vehumet [*.....]
Gold:   357        SH:  5    Dex: 16    Spells: 17/27 levels left

rFire   + . .        f - +3 hammer of the Grave {flame, rC- MP+9 Int+5}
rCold   . . .        m - +2 buckler
rNeg    . . .        I - +0 robe {rC+ rF+}
rPois   .            n - +2 hat
rElec   .            j - +0 cloak
rCorr   +            i - +0 pair of gloves
SInv    .            (no boots)
Will    .....        D - amulet of regeneration
Stlth   ++           H - ring of resist corrosion
HPRegen 1.17/turn    (no ring)
MPRegen 0.23/turn

%: no teleportation
@: ice-armoured
A: (nimble swimmer 2), mertail
a: Renounce Religion


You were in a Gauntlet.
You worshipped Vehumet.
Vehumet was aware of your devotion.
You visited 3 branches of the dungeon, and saw 14 of its levels.
You also visited: Gauntlet.

You collected 649 gold pieces.
You spent 292 gold pieces at shops.

Inventory:

Hand Weapons
 f - the +3 hammer of the Grave (weapon) {flame, rC- MP+9 Int+5}
   (You found it on level 6 of the Dungeon)

   Int:       It affects your intelligence (+5).
   rC:        It makes you vulnerable to cold.
   MP:        It affects your magic capacity (+9).
Missiles
 c - 3 curare-tipped darts
Armour
 i - a +0 pair of gloves (worn)
 j - a +0 cloak (worn)
 m - a +2 buckler (worn)
 n - a +2 hat (worn)
 I - a +0 robe of resistance (worn)
Magical Staves
 u - the staff of conjuration "Xoxid" {Dex+3}
   (You found it in a Gauntlet)

   [staff of conjuration]

   Base accuracy: +5 Base damage: 5 Base attack delay: 1.2 This weapon's minimum
   attack delay (0.6) is reached at skill level 12.
   Dex:       It affects your dexterity (+3).
   It falls into the 'Staves' category.
   It is a one-handed weapon.
Jewellery
 D - an amulet of regeneration (around neck)
 H - a ring of resist corrosion (left hand)
Wands
 a - a wand of quicksilver (8)
 y - a wand of iceblast (11)
 F - a wand of flame (5)
Scrolls
 d - a scroll of fog
 e - 7 scrolls of teleportation
 h - 4 scrolls of brand weapon
 k - 2 scrolls of silence
 p - 6 scrolls of blinking
 q - a scroll of magic mapping
 s - 4 scrolls of fear
 v - a scroll of amnesia
 z - a scroll of immolation {unknown}
 C - a scroll of poison {unknown}
 E - a scroll of torment {unknown}
 J - a scroll of enchant weapon {unknown}
Potions
 g - a potion of flight {unknown}
 l - a potion of cancellation {unknown}
 o - a potion of lignification {unknown}
 r - 2 potions of ambrosia {unknown}
 t - 3 potions of brilliance
 w - a potion of curing
 x - a potion of degeneration {unknown}
 A - a potion of heal wounds
 B - 2 potions of mutation {unknown}


   Skills:
 + Level 12.5 Fighting
 - Level 12.0 Dodging
 - Level 2.1 Stealth
 - Level 8.0 Spellcasting
 + Level 13.3 Ice Magic


You had 17 spell levels left.
You knew the following spells:

 Your Spells              Type           Power      Damage    Failure   Level
a - Freeze                Ice            100%       1d10      1%          1
b - Frozen Ramparts       Ice            100%       1d16      1%          3
c - Ozocubu's Armour      Ice            63%        N/A       1%          3
d - Hailstorm             Conj/Ice       39%        3d9       2%          3

Your spell library contained the following spells:

 Spells                   Type           Power      Damage    Failure   Level
 Foxfire                  Conj/Fire      36%        2x1d5     11%         1
 Ice Form                 Ice/Tmut       39%        N/A       7%          4
 Summon Ice Beast         Ice/Summ       39%        N/A       7%          4
 Kiss of Death            Conj/Necr      36%        2d8       11%         1
 Necrotise                Necr           36%        1d5       11%         1
 Summon Small Mammal      Summ           36%        N/A       11%         1
 Scorch                   Fire           18%        2d5       17%         2
 Call Canine Familiar     Summ           9%         N/A       32%         3
 Confusing Touch          Hex            9%         N/A       32%         3
 Inner Flame              Hex/Fire       9%         N/A       32%         3
 Portal Projectile        Hex/Tloc       18%        N/A       32%         3
 Summon Guardian Golem    Hex/Summ       9%         N/A       32%         3
 Tukima's Dance           Hex            9%         N/A       32%         3
 Vampiric Draining        Necr           9%         2d6       32%         3
 Animate Dead             Necr           9%         N/A       73%         4
 Dispel Undead            Necr           9%         3d8       73%         4
 Flame Wave               Conj/Fire      9%         2d6       73%         4
 Sticky Flame             Conj/Fire      9%         2d3       73%         4
 Simulacrum               Ice/Necr       19%        N/A       73%         6
 Agony                    Necr           9%         N/A       97%         5
 Blade Hands              Tmut           4%         N/A       97%         5
 Borgnjor's Vile Clutch   Necr/Erth      4%         N/A       97%         5
 Death Channel            Necr           4%         N/A       100%        6
 Summon Cactus Giant      Summ           4%         N/A       100%        6


Dungeon Overview and Level Annotations

Branches:
Dungeon (10/15)            Temple (1/1) D:6            Lair (3/5) D:8
  Swamp (0/4) Lair:2        Snake (0/4) Lair:2      Gauntlet (1/1)
    Orc: D:9-12

Altars:
Ashenzari
Cheibriados
Dithmenos
Elyvilon
Fedhas
Gozag
Hepliaklqana
Kikubaaqudgha
Makhleb
Nemelex Xobeh
Okawaru
Qazlal
Ru
Sif Muna
Trog
Uskayaw
Vehumet
Wu Jian
Xom
Yredelemnul
Zin
The Shining One

Shops:
D:3 (   D:5 *=[***   D:7 *   D:8 (

Annotations:
D:6 4 runed translucent doors, Crazy Yiuf; dkbeermoney's ghost, novice TrGl Gauntlet 13 transporters, exclusions: lightning spire and obsidian statue


Innate Abilities, Weirdness & Mutations

((You are very nimble when in or above water. (Stealth+, EV+, Speed+++)))
Your lower body shifts to a powerful aquatic tail in water.


Message History

Confirm with . or Enter, or press ? or * to list all spells.
Aiming: Freeze (safe; 1% risk of failure)
Press: ? - help, Shift-Dir - straight line, f - death yak
Aim: a death yak (almost dead, soul bound)
You freeze the death yak.
The death yak is almost dead.
The wall freezes the death yak!
You kill the death yak!
Vehumet accepts your kill.
The death yak simulacrum completely resists.
The wall freezes the death yak simulacrum but does no damage.
You hit the death yak simulacrum but do no damage.
The death yak simulacrum is moderately damaged.
The frozen ramparts melt away.
A death yak simulacrum comes into view.
The death yak simulacrum closely misses you.
A death yak simulacrum comes into view.
Unknown command.
You hit the death yak simulacrum.
You melt the death yak simulacrum.
The death yak simulacrum is heavily damaged.
The death yak simulacrum gores you! The death yak simulacrum freezes you!!
* * * LOW HITPOINT WARNING * * *
Unknown command.
Unknown command.
You feel much better.
You block the death yak simulacrum's attack.
Unknown command.
You hit the death yak simulacrum.
You melt the death yak simulacrum.
The death yak simulacrum is severely damaged.
The death yak simulacrum misses you.
You hit the death yak simulacrum.
You melt the death yak simulacrum.
The death yak simulacrum is almost destroyed.
The death yak simulacrum gores you. The death yak simulacrum freezes you!!
* * * LOW HITPOINT WARNING * * *
You hit the death yak simulacrum but do no damage.
The death yak simulacrum is almost destroyed.
The death yak simulacrum gores you!
* * * LOW HITPOINT WARNING * * *
The death yak simulacrum freezes you!!
You die...

###..............#.#§≈8≈≈#©......
≈....#############.##############
.....#©...........©...........©#§
.################################
.#..#.##..##.#.##.##Y###.#24.....
.###..#.##.#.#.##)##.###.#4.##.##
.##.##.##.t#.#.ZZZ..p..#.#.#..#..
.#.#..#..#.#.###Z##.##.#.#.#..#©.
.#####^..###.###@##.##.#.#..#####
.#...^##..##.#.........#.#.#..#..
.##.####..##.#..#..##.##.#.#..#..
.#..##.#=#^#.#####.#####.#..##.##
.##^[!©.#^##.#..=$©.=.Y#.#...?©?[
.###########.###########.########
.................................
≈................................
#################################


You could see 4 death yak simulacra.

Vanquished Creatures
  Erolcha (D:9)
  Erica (D:10)
  A two-headed ogre (D:9)
  4 death yaks (Gauntlet)
  Nergalle (D:10)
  A fire crab (D:8)
  A skyshark (Lair:2)
  A necromancer (Gauntlet)
  An orc knight (D:9)
  Maggie (D:6)
  3 cane toads
  2 komodo dragons
  A troll (D:10)
  A tyrant leech (Lair:2)
  A hornet (D:10)
  A wyvern (D:5)
  29 yaks
  Eustachio (D:6)
  2 basilisks
  2 vampire mosquitoes (D:10)
  Grum (D:7)
  3 nagas (Lair:2)
  3 swamp worms (Lair:2)
  An acid dragon (D:9)
  5 water moccasins
  7 orc warriors
  A boggart (Gauntlet)
  A centaur (D:7)
  A phantom (D:5)
  2 kobold brigands
  6 bullfrogs
  2 gnoll sergeants (D:7)
  A scorpion (D:5)
  5 electric eels (D:8)
  A jelly (D:7)
  14 hounds
  7 orc priests
  A gnoll bouda (D:7)
  3 iguanas
  2 sleepcaps
  7 orc wizards
  7 adders
  11 gnolls (D:7)
  A shadow imp (D:8)
  A worm (D:2)
  4 dart slugs
  23 orcs
  10 endoplasms
  5 giant cockroaches
  4 goblins
  8 hobgoblins
  A jackal (D:7)
  4 quokkas
  17 ball pythons
  2 frilled lizards
  19 kobolds
  5 rats
252 creatures vanquished.

Notes
Turn   | Place    | Note
-------+----------+-------------------------------------------
     0 | D:1      | safid the Merfolk Ice Elementalist began the quest for the
                  | Orb.
     0 | D:1      | Reached XP level 1. HP: 13/13 MP: 3/3
   274 | D:1      | Reached XP level 2. HP: 16/20 MP: 3/5
   680 | D:1      | Reached skill level 1 in Fighting
   891 | D:1      | Reached XP level 3. HP: 24/26 MP: 6/6
   901 | D:1      | Learned a level 3 spell: Frozen Ramparts
  1459 | D:2      | Reached XP level 4. HP: 33/33 MP: 4/7
  2152 | D:3      | Reached skill level 5 in Ice Magic
  2160 | D:3      | Learned a level 3 spell: Ozocubu's Armour
  2242 | D:3      | Found Zouwuw's Weapon Emporium.
  2355 | D:3      | Found a faded altar of an unknown god.
  2821 | D:4      | Reached XP level 5. HP: 21/38 MP: 3/9
  3459 | D:5      | Entered Level 5 of the Dungeon
  3510 | D:5      | Reached XP level 6. HP: 46/46 MP: 6/10
  3707 | D:5      | Found Romaynt's General Store.
  3715 | D:5      | Bought a scroll of blinking for 82 gold pieces
  3763 | D:5      | Found Xaebes's Jewellery Shop.
  3883 | D:5      | Found a sacrificial altar of Ru.
  3945 | D:5      | Found Meingini's Antique Armour Emporium.
  4009 | D:5      | Reached skill level 5 in Dodging
  4138 | D:5      | Found Cuofag's Elemental Accessories.
  4174 | D:5      | Noticed a wyvern
  4188 | D:5      | Killed a wyvern
  4189 | D:5      | Reached skill level 6 in Ice Magic
  4189 | D:5      | Reached XP level 7. HP: 39/53 MP: 2/12
  4385 | D:5      | Found Vyni's General Store.
  4623 | D:5      | Bought a potion of curing for 39 gold pieces
  4727 | D:5      | Found Kyzais Uzua's Assorted Antiques.
  4945 | D:6      | Noticed Eustachio
  4975 | D:6      | Killed Eustachio
  4976 | D:6      | Reached XP level 8. HP: 48/61 MP: 3/14
  5307 | D:6      | Found an opulent altar of Gozag.
  5323 | D:6      | Noticed Maggie
  5341 | D:6      | Killed Maggie
  5342 | D:6      | Reached skill level 5 in Fighting
  5342 | D:6      | Reached skill level 5 in Spellcasting
  5342 | D:6      | Reached skill level 7 in Ice Magic
  5342 | D:6      | Found a staircase to the Ecumenical Temple.
  5479 | Temple   | Entered the Ecumenical Temple
  5775 | D:6      | Found a runed translucent gate.
  5775 | D:6      | Found a runed translucent gate.
  5776 | D:6      | Found a runed translucent gate.
  5778 | D:6      | Noticed dkbeermoney's ghost (novice TrGl)
  6041 | D:6      | Identified the +3 hammer of the Grave {flame, rC- MP+9
                  | Int+5}
  6094 | D:6      | Found a runed translucent door.
  6095 | D:6      | Noticed Crazy Yiuf
  6365 | D:5      | Bought an ominously black robe for 119 gold pieces
  6365 | D:5      | Identified the +2 robe of Fun and Games {Harm rCorr Slay-2}
                  | (You bought it in a shop on level 5 of the Dungeon)
  6589 | D:7      | Reached XP level 9. HP: 64/69 MP: 17/17
  6709 | D:7      | Found Iwucocur's Assorted Antiques.
  6723 | D:7      | Bought a scroll of identify for 52 gold pieces
  6768 | D:7      | Found a stormy altar of Qazlal.
  6993 | D:7      | Reached skill level 8 in Ice Magic
  7341 | D:7      | Found a glowing silver altar of Zin.
  7341 | D:7      | Found a blossoming altar of Fedhas.
  7438 | D:7      | Noticed Grum
  7445 | D:7      | Killed Grum
  8076 | D:8      | Found a bloodstained altar of Trog.
  8454 | D:8      | Found Wick's Weapon Shop.
  8606 | D:8      | Found a staircase to the Lair.
  8606 | D:8      | Noticed a fire crab
  9005 | D:8      | Killed a fire crab
  9006 | D:8      | Reached skill level 9 in Ice Magic
  9006 | D:8      | Reached XP level 10. HP: 60/80 MP: 20/20
  9413 | D:9      | Reached skill level 10 in Dodging
  9825 | D:9      | Noticed a two-headed ogre
  9825 | D:9      | Noticed an orc knight
  9835 | D:9      | Killed a two-headed ogre
  9935 | D:9      | Found a radiant altar of Vehumet.
  9943 | D:9      | Became a worshipper of Vehumet
 10158 | D:9      | Reached skill level 10 in Ice Magic
 10183 | D:9      | Found an ornate altar of the Wu Jian Council.
 10183 | D:9      | Noticed Erolcha
 10198 | D:9      | Killed Erolcha
 10199 | D:9      | Reached XP level 11. HP: 62/89 MP: 22/22
 10390 | D:9      | Killed an orc knight
 10600 | D:10     | Entered Level 10 of the Dungeon
 10752 | D:10     | Noticed Erica
 10774 | D:10     | Killed Erica
 11127 | D:10     | Reached skill level 11 in Ice Magic
 11129 | D:10     | Reached skill level 10 in Fighting
 11273 | D:10     | Found a shimmering altar of Xom.
 11278 | D:10     | Learned a level 1 spell: Necrotise
 11283 | D:10     | Learned a level 3 spell: Hailstorm
 11425 | D:10     | Noticed Nergalle
 11434 | D:10     | Killed Nergalle
 11724 | Lair:1   | Entered Level 1 of the Lair of Beasts
 12078 | Lair:1   | Identified the +1 falchion of Sudden Death {drain, rElec}
 12195 | Lair:1   | Reached * piety under Vehumet
 12195 | Lair:1   | Offered knowledge of Foxfire by Vehumet.
 12196 | Lair:1   | Reached skill level 12 in Ice Magic
 12198 | Lair:1   | Reached XP level 12. HP: 94/100 MP: 24/24
 13121 | Lair:2   | Found a staircase to the Snake Pit.
 13437 | Lair:2   | Noticed a skyshark
 13446 | Lair:2   | Killed a skyshark
 13592 | Lair:2   | Found a staircase to the Swamp.
 13869 | Lair:3   | Found a gate leading to a gauntlet.
 13878 | Gauntlet | Entered a Gauntlet
 13878 | Gauntlet | Found a transporter.
 13888 | Gauntlet | Found a transporter.
 13903 | Gauntlet | Found a transporter.
 13908 | Gauntlet | Found a transporter.
 13923 | Gauntlet | Found a transporter.
 13942 | Gauntlet | Found a transporter.
 13954 | Gauntlet | Found a transporter.
 13966 | Gauntlet | Found a transporter.
 13975 | Gauntlet | Noticed a death yak
 13977 | Gauntlet | Noticed a death yak
 13978 | Gauntlet | Found a transporter.
 13979 | Gauntlet | Noticed a death yak
 13979 | Gauntlet | Noticed a death yak
 13980 | Gauntlet | Noticed a reaper
 13990 | Gauntlet | Found a transporter.
 14007 | Gauntlet | Found a transporter.
 14025 | Gauntlet | Found a transporter.
 14027 | Gauntlet | Found a transporter.
 14055 | Gauntlet | Found a transporter.
 14073 | Gauntlet | Found a transporter.
 14075 | Gauntlet | Found a transporter.
 14153 | Gauntlet | Found a transporter.
 14173 | Gauntlet | Found a transporter.
 14643 | Gauntlet | Noticed a deep elf knight
 14719 | Gauntlet | Identified the staff of conjuration "Xoxid" {Dex+3}
 14772 | Gauntlet | Killed a death yak
 14773 | Gauntlet | Reached skill level 13 in Ice Magic
 14779 | Gauntlet | Killed a death yak
 14780 | Gauntlet | Killed a death yak
 14783 | Gauntlet | Killed a death yak
 14789 | Gauntlet | Demolished by a death yak simulacrum

Illustrated notes

Levels and vault maps discovered:
D:1:      nicolae_arrival_somewhat_less_tricky_arrival, layout_loops_cross
D:2:      minmay_evil_eye, layout_loops_ring, corexii_shack,
          kennysheep_generic_room_11
D:3:      layout_rooms, serial_shops, shop, nicolae_ecumenical_snake_handling,
          nicolae_figureground_pulse
D:4:      layout_rooms
D:5:      layout_loops_ring, nicolae_ru_path_of_blood, serial_shops,
          nicolae_stop_n_shop_1, shop, nicolae_take_the_stairs, shop,
          nicolae_shop_back_alley_shop, st_stairs_8, nicolae_elemental_shop
D:6:      layout_basic, overflow_temple_1_default, minmay_temple_entry_junction,
          ebering_ghost_rock_garden, uniq_crazy_yiuf_cottage, uniq_maggie,
          uniq_eustachio
D:7:      layout_cave_pools, gammafunk_temple_overflow_statue,
          nicolae_qazlal_scattered_showers, serial_gnoll_camp, grums_kennel,
          gnoll_camp_mini_shop, gnoll_camp_mini_sergeant, gnoll_camp_mini_basic,
          dreamdust_mushroom_princess
D:8:      layout_loops_corners, trog_book, minmay_lair_entry_lava, serial_shops,
          kennysheep_little_box, minivault_26, minmay_misc_feat_x,
          serial_bayou_lagoon_b
D:9:      layout_layer_cave, nicolae_wu_jian_immortal_techniques,
          vehumet_crystals, hellmonk_guarded_unrand_dark_maul, uniq_erolcha
D:10:     layout_gridville, mainiacjoe_overflow_alcove_1, grunt_decor_cap,
          uniq_erica, uniq_nergalle
Temple:   nicolae_temple_ecumenical_triangle
Lair:1:   layout_loops_ring, infiniplex_staircase_pool_2
Lair:2:   layout_cave_pods, minmay_swamp_entry_worms, nicolae_snake_entry_squirm
Lair:3:   layout_roguey, gauntlet_entry_generic, serial_bayou_pond_e,
          grunt_megastairs_3, lemuel_fruit_tree, uniq_kirke, uniq_gastronok,
          uniq_amaemon
Gauntlet: gammafunk_gauntlet_one_two_three [nicolae_gauntlet_arena_grate_2,
          nicolae_gauntlet_arena_blocks, nicolae_gauntlet_arena_x,
          gammafunk_gauntlet_arena_mazey, gammafunk_gauntlet_arena_crates,
          nicolae_gauntlet_arena_quarters,
          gammafunk_gauntlet_arena_arrow_garden,
          gammafunk_gauntlet_arena_corners, nicolae_gauntlet_arena_flowing_pool,
          dreamdust_gauntlet_exit_labyrinth]

Skill      XL: |  1  2  3  4  5  6  7  8  9 10 11 12 |
---------------+-------------------------------------+-----
Dodging        | 3 4 5 6 7 9 11 12 | 12.0
Fighting       | 1 2 3 4 5 7 9 11 12 | 12.5
Ice Magic      | 5 6 7 9 10 12 13 | 13.3
Spellcasting   | 3 4 5 6 7 8 |  8.0
Stealth        | |  2.1

Action                     |  1- 3 |  4- 6 |  7- 9 | 10-12 || total
---------------------------+-------+-------+-------+-------++-------
  Melee: Short sword       |    78 |   142 |    72 |       ||   292
         Punch             |     1 |       |     1 |     1 ||     3
         Glaive            |       |       |     8 |       ||     8
         Mace              |       |       |    49 |   142 ||   191
   Cast: Freeze            |    37 |    35 |    42 |    34 ||   148
         Frozen Ramparts   |       |    10 |    36 |    54 ||   100
         Ozocubu's Armour  |       |     6 |    29 |    41 ||    76
         Hailstorm         |       |       |       |    11 ||    11
  Evoke: Wand              |       |       |     5 |     1 ||     6
    Use: Scroll            |       |       |     8 |     4 ||    12
         Potion            |       |       |     5 |     5 ||    10
   Stab: Sleeping          |     5 |     4 |     1 |       ||    10
 Armour: Robe              |    19 |    38 |    47 |    65 ||   169
  Dodge: Dodged            |    62 |   111 |   147 |   208 ||   528
  Block: Buckler           |       |       |       |     1 ||     1
